 Dungeon Crawl Stone Soup version 0.22-a0-603-gfc1114d (webtiles) character file.

560 sking99 the Insei (level 7, -5/61 HPs)
             Began as a Naga Transmuter on July 7, 2018.
             Was a Believer of Cheibriados.
             Slain by an ogre
             ... wielding a +0 giant club
              (24 damage)
             ... on level 4 of the Dungeon.
             The game lasted 00:12:57 (3950 turns).

sking99 the Insei (Naga Transmuter)                 Turns: 3950, Time: 00:12:58

Health: -5/61      AC: 11    Str: 16    XL:     7   Next: 31%
Magic:  3/10       EV:  7    Int: 19    God:    Cheibriados [**....]
Gold:   236        SH:  0    Dex: 16    Spells: 7/10 levels left

rFire    . . .     SeeInvis +     - Unarmed
rCold    . . .     Gourm    .   (no shield)
rNeg     . . .     Faith    .   q - +0 ring mail
rPois    +         Spirit   .   (no helmet)
rElec    .         Reflect  .   c - +1 cloak
rCorr    .         Harm     .   (no gloves)
MR       .....                  f - +1 naga barding
Stlth    +.........             (no amulet)
HPRegen  0.20/turn              (no ring)
MPRegen  0.12/turn              (no ring)

@: very slow
A: large, see invisible, deformed body, poison resistance, slowness 2, slow
metabolism 1, spit poison 1, AC +2
a: Spit Poison, Bend Time, Renounce Religion


You were on level 4 of the Dungeon.
You worshipped Cheibriados.
Cheibriados was pleased with you.
You were not hungry.

You visited 1 branch of the dungeon, and saw 4 of its levels.

You collected 236 gold pieces.

Inventory:

Missiles
 a - 95 arrows (quivered)
Armour
 b - a +0 robe
 c - a +1 cloak (worn)
 f - a +1 naga barding (worn)
 n - a +0 large shield
 q - a +0 ring mail (worn)
 r - a +0 buckler
Jewellery
 g - an uncursed amulet of magic regeneration {unknown}
 l - an uncursed amulet of harm {unknown}
 p - a cursed ring of loudness {unknown}
Scrolls
 h - a scroll of teleportation {unknown}
 j - a scroll of immolation
 s - 3 scrolls of amnesia {unknown}
 t - a scroll of fear
 v - a scroll of identify
Potions
 i - 3 potions of flight
 o - 2 potions of lignification
 u - a potion of magic {unknown}
Comestibles
 d - 4 rations


   Skills:
 + Level 2.7 Fighting
 + Level 2.6 Dodging
 * Level 5.3 Unarmed Combat
 - Level 2.0 Spellcasting
 * Level 4.5 Transmutations
 + Level 2.0 Invocations


You had 7 spell levels left.
You knew the following spells:

 Your Spells              Type           Power        Failure   Level  Hunger
a - Beastly Appendage     Tmut           ###...       4%          1    #......
b - Sticks to Snakes      Tmut           ###.....     8%          2    ###....

Your spell library contained the following spells:

 Spells                   Type           Power        Failure   Level  Hunger
 Spider Form              Tmut/Pois      ##........   36%         3    ###....
 Blade Hands              Tmut           ###.......   80%         5    ######.
 Ice Form                 Ice/Tmut       ##......     77%         4    #####..


Dungeon Overview and Level Annotations

Branches:
Dungeon (4/15)
 Temple: D:4-7

Altars:
Cheibriados
Fedhas
Okawaru
Trog
The Shining One


Innate Abilities, Weirdness & Mutations

You cannot wear boots.
Your serpentine skin is tough. (AC +2)
You have supernaturally acute eyesight. (SInv)
Armour fits poorly on your strangely shaped body.
Your system is resistant to poisons. (rPois)
You cover ground very slowly.
You have a slow metabolism.
You can spit poison.


Message History

Your ball python barely misses the ogre.
The ogre hits you with a giant club!
You hit the ogre.
The ogre is heavily wounded.
Your ball python barely misses the ogre. x2
The ogre hits you with a giant club!
You hit the ogre.
The ogre is severely wounded.
Your ball python closely misses the ogre.
Your ball python barely misses the ogre.
You hit the ogre.
The ogre is almost dead.
Your ball python barely misses the ogre.
The ogre hits you but does no damage.
Your ball python closely misses the ogre.
Your ball python bites the ogre.
You barely miss the ogre.
The ogre is almost dead.
Your ball python bites the ogre.
The ogre hits you with a giant club!!
You die...

###### #.. #....# #.. #....#
#.. #.... #....# #.. ###....
#....# ### ....... #....# #
....... #.(..# # .......
#....# #
.....e.####@...#############
.......)..OS...+.......))...
........##S....##.###....<##
...##...##.######+###.###...
#...##.# #.......###'##
#...##.# #.......#.....
#...##.# #.......#.....
#...##.####......##.....
##########............'.....


You could see an ogre and 2 friendly ball pythons.

Vanquished Creatures
  A phantom (D:3)
  2 ogres (D:4)
  Dowan (D:4)
  A gnoll shaman (D:4)
  A centaur skeleton (D:4)
  3 gnolls (D:4)
  5 adders
  An ooze (D:4)
  4 worms
  3 dart slugs
  3 leopard geckos
  5 orcs (D:3)
  3 giant cockroaches
  9 goblins
  8 hobgoblins
  2 quokkas
  7 bats
  9 kobolds
  5 rats (D:2)
73 creatures vanquished.

Vanquished Creatures (collateral kills)
  Duvessa (D:4)
1 creature vanquished.

Grand Total: 74 creatures vanquished

Notes
Turn   | Place    | Note
-------+----------+-------------------------------------------
     0 | D:1      | sking99 the Naga Transmuter began the quest for the Orb.
     0 | D:1      | Reached XP level 1. HP: 18/18 MP: 3/3
   224 | D:1      | Reached XP level 2. HP: 22/25 MP: 3/5
   444 | D:1      | Learned a level 2 spell: Sticks to Snakes
   721 | D:2      | Found a snail-covered altar of Cheibriados.
   745 | D:2      | Reached XP level 3. HP: 8/32 MP: 4/6
   983 | D:2      | Became a worshipper of Cheibriados the Contemplative
  1428 | D:2      | Reached * piety under Cheibriados
  1461 | D:2      | Reached XP level 4. HP: 27/39 MP: 7/7
  1828 | D:3      | Noticed a phantom
  1908 | D:3      | Killed a phantom
  1908 | D:3      | Reached skill level 4 in Unarmed Combat
  1908 | D:3      | Reached XP level 5. HP: 16/45 MP: 6/8
  2375 | D:3      | Found an iron altar of Okawaru.
  2375 | D:3      | Found a bloodstained altar of Trog.
  2376 | D:3      | Found a blossoming altar of Fedhas.
  2555 | D:3      | Found a glowing golden altar of the Shining One.
  2677 | D:3      | Reached ** piety under Cheibriados
  2750 | D:4      | Noticed Duvessa
  2750 | D:4      | Noticed Dowan
  3187 | D:4      | Reached skill level 1 in Invocations
  3187 | D:4      | Reached XP level 6. HP: 25/52 MP: 5/9
  3531 | D:4      | Reached skill level 5 in Unarmed Combat
  3764 | D:4      | Reached XP level 7. HP: 5/61 MP: 8/10
  3795 | D:4      | HP: 2/61 [Duvessa/short sword of electrocution (8)]
  3805 | D:4      | Killed Duvessa
  3822 | D:4      | Killed Dowan
  3950 | D:4      | Slain by an ogre

Vault maps used:
D:1:      minmay_arrival_three_doors
D:2:      overflow_temple_1_default
D:3:      nicolae_overflow_quartered_altars
D:4:      first_ration, uniq_duvessa

Skill      XL: |  1  2  3  4  5  6  7 |
---------------+----------------------+-----
Dodging        | 2 |  2.6
Fighting       | 2 |  2.7
Unarmed Combat | 4 5 |  5.3
Transmutations | 3 4 |  4.5
Invocations    | 1 2 |  2.0
Spellcasting   | |  2.0

Action                   |  1- 3 |  4- 6 |  7- 9 || total
-------------------------+-------+-------+-------++-------
Melee: Unarmed           |   113 |   201 |    30 ||   344
       Headbutt          |     4 |     1 |       ||     5
       Punch             |       |     7 |     1 ||     8
 Cast: Beastly Appendage |     5 |     2 |       ||     7
       Sticks to Snakes  |       |     7 |     7 ||    14
Invok: Bend Time         |       |     2 |     2 ||     4
 Abil: Spit Poison       |    14 |    18 |     3 ||    35
  Use: Scroll            |       |     7 |       ||     7
       Potion            |       |     1 |     5 ||     6
 Stab: Distracted        |     1 |       |     1 ||     2
       Sleeping          |     1 |       |       ||     1
  Eat: Chunk             |     2 |     6 |     1 ||     9
Armor: Robe              |    59 |    40 |       ||    99
       Ring mail         |       |    70 |    17 ||    87
Dodge: Dodged            |    56 |    81 |     4 ||   141

Table legend:
 A = Spawn XP
 B = Non-spawn XP
 C = Spawn XP percentage of total XP
 D = Spawn monster count
 E = Non-spawn monster count
 F = Spawn count percentage of total count
 G = Total turns spent on level
                    A         B        C        D         E        F      G
               +---------+---------+-------+---------+---------+-------+---------
         Total |       0 |     801 |   0.0 |       0 |      74 |   0.0 |  3950
               +---------+---------+-------+---------+---------+-------+---------
           D:1 |       0 |      28 |   0.0 |       0 |      14 |   0.0 |   720
           D:2 |       0 |      60 |   0.0 |       0 |      21 |   0.0 |  1064
           D:3 |       0 |     201 |   0.0 |       0 |      26 |   0.0 |  1511
           D:4 |       0 |     512 |   0.0 |       0 |      13 |   0.0 |   655
               +---------+---------+-------+---------+---------+-------+---------
